 Dungeon Crawl Stone Soup version 0.29-a0-802-g34511f41fd (webtiles) character file.

Game seed: 2501256440301185954

36 adelrune the Shooter (level 3, -1/21 HPs)
             Began as a Deep Elf Hunter on July 3, 2022.
             Slain by a goblin
             ... wielding a +0 dagger
             ... led by Robin
              (5 damage)
             ... on level 2 of the Dungeon.
             The game lasted 00:04:27 (2046 turns).

adelrune the Shooter (Deep Elf Hunter)              Turns: 2046, Time: 00:04:27

Health: -1/21      AC:  3    Str:  8    XL:     3   Next: 19%
Magic:  5/5        EV: 12    Int: 15    God:
Gold:   99         SH:  0    Dex: 18    Spells: 2/2 levels left

rFire   . . .      SeeInvis .   a - +0 shortbow
rCold   . . .      Faith    .   (shield currently unavailable)
rNeg    . . .      Spirit   .   c - +0 leather armour
rPois   .          Reflect  .   (no helmet)
rElec   .          Harm     .   (no cloak)
rCorr   .          Rampage  .   (no gloves)
Will    .....                   (no boots)
Stlth   ++........              (no amulet)
HPRegen 0.07/turn               (no ring)
MPRegen 0.09/turn               (no ring)

@: no status effects
A: no striking features
a: no special abilities


You were on level 2 of the Dungeon.
You visited 1 branch of the dungeon, and saw 2 of its levels.

You collected 99 gold pieces.

Inventory:

Hand Weapons
 a - a +0 shortbow (weapon)
Armour
 c - a +0 leather armour (worn)
Scrolls
 b - 2 scrolls of immolation
 d - 3 scrolls of identify {unknown}
 f - a scroll of fear {unknown}
 g - a scroll of enchant armour {unknown}
 i - a scroll of teleportation {unknown}
Potions
 e - 2 potions of curing {unknown}
 h - a potion of degeneration {unknown}
 j - 2 potions of flight {unknown}


   Skills:
 + Level 2.1 Fighting
 * Level 6.3 Ranged Weapons
 - Level 2.4 Dodging
 - Level 1.2 Stealth


You had 2 spell levels left.
You didn't know any spells.
Your spell library was empty.

Dungeon Overview and Level Annotations

Branches:
Dungeon (2/15)

Altars:

Annotations:
D:2 Robin, Terence


Message History

The teleport trap disappears.
The goblin disappears!
A hobgoblin comes into view.
You shoot an arrow. The hobgoblin shouts!
The arrow hits the hobgoblin.
The hobgoblin is moderately wounded.
You shoot an arrow. The arrow hits the hobgoblin.
You kill the hobgoblin!
No target in view!
Robin shouts!
You hear a shout!
Robin roars a battlecry!
You shoot an arrow. The arrow hits Robin.
Robin is moderately wounded.
Robin roars a battlecry!
The goblin goes into a battle-frenzy!
Robin throws the goblin at you!
You shoot an arrow.
The arrow hits the goblin but does no damage.
Robin roars a battlecry!
The goblin hits you with a +2 dagger of protection.
The goblin completely misses you.
Robin points. "Kill!"
Robin roars a battlecry!
You hear a shout!
Fire: a) +0 shortbow
Press: ? - help, Q - select action Shift-Dir - straight line, f - Robin, p - goblin
Aim: Robin, wielding a +0 mace, wearing a +0 animal skin and wearing a +0 helmet (moderately wounded, 72% to hit)
You shoot an arrow. The arrow hits Robin.
Robin is moderately wounded.
The goblin hits you with a +2 dagger of protection.
Robin throws the goblin at you! The goblin hits you with a +0 dagger.
Fire: a) +0 shortbow
Press: ? - help, Q - select action Shift-Dir - straight line, f/p - Robin
Aim: Robin, wielding a +0 mace, wearing a +0 animal skin and wearing a +0 helmet (moderately wounded, 72% to hit)
You shoot an arrow. The arrow barely misses the goblin.
The arrow barely misses Robin.
The goblin hits you with a +2 dagger of protection.
* * * LOW HITPOINT WARNING * * *
The goblin hits you with a +0 dagger.
You die...

#### ...# ..# ### .#.# ..#
.#.###.####### ##### #####
≈§≈'.......... ...# #...#
g#.#...###########.#####...#
#g##....g...g.g@g...).....####
.gg#..<...g.######..#.........###
..g#...####.# #...............
####...# ...# ##..#.........#
...§.....g.#........####...####
........... .#####.## #...#
......#....... ..... ##...##
.........##.### ##...##.....##
...!..##.# .# #.#..###.....


You could see Robin, a hobgoblin (strong) and 3 goblins.

Vanquished Creatures
  2 endoplasms (D:1)
  A giant cockroach (D:1)
  7 hobgoblins
  3 jackals (D:1)
  2 quokkas (D:1)
  A ball python (D:1)
  A bat (D:2)
  2 frilled lizards (D:2)
  7 goblins
  4 kobolds
30 creatures vanquished.

Notes
Turn   | Place    | Note
-------+----------+-------------------------------------------
     0 | D:1      | adelrune the Deep Elf Hunter began the quest for the Orb.
     0 | D:1      | Reached XP level 1. HP: 12/12 MP: 3/3
   448 | D:1      | Reached XP level 2. HP: 17/17 MP: 4/4
   482 | D:1      | You fall into a shaft and drop 1 floor!
   537 | D:2      | Noticed Terence
   946 | D:1      | Reached skill level 6 in Ranged Weapons
  1648 | D:2      | Found a faded altar of an unknown god.
  1656 | D:2      | Noticed Robin
  1860 | D:2      | Reached XP level 3. HP: 21/21 MP: 5/5
  2046 | D:2      | Slain by a goblin

Illustrated notes

Levels and vault maps discovered:
D:1:      erik_arrival_triangle_medium, layout_loops_corners
D:2:      layout_loops_ring, shapermc_ecumenical_altar_notcrosses,
          grunt_decor_arrowhead, minmay_snake_closets, uniq_terence, uniq_robin,
          uniq_natasha

Skill      XL: |  1  2 |
---------------+-------+-----
Ranged Weapons | 6 |  6.3
Fighting       | 2 |  2.1
Dodging        | |  2.4
Stealth        | |  1.2

Action                   || total
-------------------------++-------
 Fire: Shortbow          ||    90
Armor: Leather armour    ||    19
Dodge: Dodged            ||    49

Table legend: (Time is in decaauts)
 A = Elapsed time spent in this place.
 B = Non-inter-level travel time spent in this place.
 C = Inter-level travel time spent in this place.
 D = Time resting spent in this place.
 E = Time spent auto-exploring this place.
 F = Levels seen in this place.
 G = Mean time per level.
                   A        B        C        D        E       F      G
               +--------+--------+--------+--------+--------+-----+--------+
         Total |   2070 |   2011 |     59 |    839 |    828 |   2 | 1035.0 |
       Dungeon |   2070 |   2011 |     59 |    839 |    828 |   2 | 1035.0 |
               +--------+--------+--------+--------+--------+-----+--------+

Top non-repeatable levels by time:
     D:1: 1742 daAuts
     D:2: 328 daAuts
